General information
- name: BNet
- type: Ladder 1vs1/FFA
- host: Battle.net
- saver: BEAR_AND
map: MeltingValley
- players: 2
- length: 58:49
- speed: Fast
- version: 1.28 W3XP
- replay type:

» download(233 KB)
Players
team 1 (winner)
BEAR_AND (
pink | 158 APM | 9319 actions | 58:49)
8 Blademaster
3 Wind Walk
3 Critical Strike
1 Bladestorm
1 Mirror Image
7 Tauren Chieftain
3 Shockwave
3 Endurance Aura
1 Reincarnation
» actions
| Assign group hotkey | 28 | |
| Basic commands | 16 | |
| Build / train | 107 | |
| Enter build submenu | 70 | |
| Enter hero's abilities submenu | 15 | |
| Give item / drop item | 18 | |
| Remove unit from queue | 1 | |
| Right click | 6813 | |
| Select / deselect | 872 | |
| Select group hotkey | 968 | |
| Use ability | 409 | |
9319 total
» units
| Peon | 24 | |
| Troll Witch Doctor | 1 | |
| Troll Batrider | 10 | |
| Kodo Beast | 2 | |
| Wind Rider | 8 | |
| Raider | 2 | |
47 total
» upgrades
| Ranged Weapons | 3 | |
| Witch Doctor Training | 2 | |
| Liquid Fire | 1 | |
| Envenomed Spears | 1 | |
| Armor | 3 | |
| Ensnare | 1 | |
11 total
» buildings
| Altar of Storms | 1 | |
| Orc Burrow | 9 | |
| War Mill | 1 | |
| Voodoo Lounge | 2 | |
| Watch Tower | 52 | |
| Stronghold | 2 | |
| Spirit Lodge | 1 | |
| Beastiary | 6 | |
| Fortress | 1 | |
| Great Hall | 4 | |
79 total
» build order
00:09 Altar of Storms
00:19 Orc Burrow
00:50 War Mill
01:10 Voodoo Lounge
02:01 Watch Tower
02:34 Watch Tower
02:46 Watch Tower
03:10 Stronghold
03:29 Orc Burrow
04:35 Watch Tower
04:37 Watch Tower
04:37 Watch Tower
04:42 Watch Tower
04:43 Watch Tower
04:48 Watch Tower
06:01 Spirit Lodge
06:21 Beastiary
07:19 Fortress
08:16 Orc Burrow
08:17 Orc Burrow
10:46 Watch Tower
11:55 Watch Tower
11:55 Watch Tower
11:56 Watch Tower
11:57 Watch Tower
12:52 Watch Tower
13:16 Watch Tower
13:18 Watch Tower
13:19 Watch Tower
13:47 Watch Tower
14:07 Great Hall
15:33 Watch Tower
15:44 Watch Tower
15:44 Watch Tower
15:45 Watch Tower
15:58 Great Hall
16:53 Great Hall
16:57 Watch Tower
16:57 Watch Tower
16:58 Watch Tower
16:58 Watch Tower
17:38 Great Hall
17:40 Watch Tower
17:59 Watch Tower
19:08 Watch Tower
19:09 Watch Tower
19:34 Watch Tower
20:05 Voodoo Lounge
22:31 Watch Tower
22:55 Beastiary
23:57 Watch Tower
26:29 Watch Tower
26:32 Watch Tower
26:33 Watch Tower
26:38 Watch Tower
26:40 Watch Tower
26:41 Watch Tower
29:29 Orc Burrow
29:30 Orc Burrow
32:50 Beastiary
33:51 Orc Burrow
33:52 Orc Burrow
41:53 Beastiary
42:11 Watch Tower
42:12 Watch Tower
42:12 Watch Tower
42:12 Watch Tower
42:28 Beastiary
43:07 Beastiary
44:15 Watch Tower
47:34 Watch Tower
47:35 Watch Tower
47:36 Watch Tower
47:36 Watch Tower
47:39 Orc Burrow
48:08 Watch Tower
48:08 Watch Tower
» items
| Healing Salve | 5 | |
| Lesser Clarity Potion | 4 | |
| Boots of Speed | 4 | |
| Staff of Teleportation | 7 | |
| Orb of Lightning | 2 | |
22 total
team 2 (loser)

»
Undead[ (
yellow | 69 APM | 4056 actions | 58:47)
5 Tauren Chieftain
3 Shockwave
2 Endurance Aura
4 Goblin Alchemist
1 Acid Bomb
3 Chemical Rage
2 Pandaren Brewmaster
1 Breath of Fire
1 Drunken Brawler
» actions
| Assign group hotkey | 79 | |
| Basic commands | 247 | |
| Build / train | 149 | |
| ESC pressed | 8 | |
| Enter build submenu | 73 | |
| Enter hero's abilities submenu | 11 | |
| Give item / drop item | 9 | |
| Right click | 1777 | |
| Select / deselect | 902 | |
| Select group hotkey | 466 | |
| Use ability | 335 | |
4056 total
» units
| Peon | 29 | |
| Grunt | 9 | |
| Kodo Beast | 1 | |
| Raider | 3 | |
| Shaman | 4 | |
| Troll Witch Doctor | 5 | |
| Tauren | 5 | |
| Forest Troll Shadow Priest | 1 | |
| Forest Troll Berserker | 1 | |
| Mud Golem | 1 | |
| Ogre Mauler | 2 | |
| Demolisher | 3 | |
| Spirit Walker | 4 | |
| Troll Batrider | 12 | |
80 total
» upgrades
| Pillage | 2 | |
| Melee Weapons | 3 | |
| Armor | 2 | |
| Spiked Barricades | 1 | |
| Berserker Strength | 1 | |
| Ensnare | 1 | |
| Shaman Training | 2 | |
| Witch Doctor Training | 2 | |
| Ranged Weapons | 4 | |
| Pulverize | 1 | |
| Reinforced Defenses | 1 | |
| Spirit Walker Training | 2 | |
| Burning Oil | 1 | |
23 total
» buildings
| Altar of Storms | 3 | |
| Orc Burrow | 8 | |
| Barracks | 2 | |
| Voodoo Lounge | 5 | |
| War Mill | 1 | |
| Stronghold | 3 | |
| Watch Tower | 29 | |
| Great Hall | 5 | |
| Beastiary | 2 | |
| Spirit Lodge | 2 | |
| Fortress | 1 | |
| Tauren Totem | 1 | |
62 total
» build order
00:07 Altar of Storms
00:08 Orc Burrow
00:13 Altar of Storms
00:43 Barracks
01:23 Orc Burrow
02:35 Voodoo Lounge
03:21 War Mill
04:39 Stronghold
04:40 Stronghold
04:40 Stronghold
05:00 Orc Burrow
06:06 Watch Tower
06:54 Watch Tower
07:05 Great Hall
07:57 Orc Burrow
09:01 Watch Tower
09:11 Beastiary
09:15 Spirit Lodge
10:05 Watch Tower
10:07 Watch Tower
10:08 Watch Tower
13:09 Voodoo Lounge
13:14 Voodoo Lounge
13:16 Watch Tower
13:17 Watch Tower
13:18 Watch Tower
13:25 Fortress
15:50 Tauren Totem
16:05 Altar of Storms
16:21 Watch Tower
16:23 Watch Tower
16:25 Watch Tower
16:29 Watch Tower
16:30 Watch Tower
16:33 Watch Tower
17:09 Orc Burrow
17:25 Orc Burrow
17:28 Orc Burrow
17:34 Orc Burrow
19:45 Great Hall
19:49 Watch Tower
23:56 Watch Tower
23:57 Watch Tower
23:58 Watch Tower
24:01 Watch Tower
24:02 Watch Tower
24:02 Watch Tower
24:03 Watch Tower
25:40 Great Hall
25:42 Watch Tower
25:45 Watch Tower
25:47 Watch Tower
25:48 Watch Tower
26:25 Spirit Lodge
29:49 Voodoo Lounge
31:14 Voodoo Lounge
32:16 Barracks
32:42 Great Hall
32:56 Watch Tower
33:12 Watch Tower
45:51 Beastiary
58:20 Great Hall
» items
| Healing Salve | 5 | |
| Lesser Clarity Potion | 4 | |
| Scroll of Speed | 2 | |
| Boots of Speed | 3 | |
| Periapt of Vitality | 1 | |
| Scroll of Protection | 1 | |
| Potion of Healing | 4 | |
| Potion of Lesser Invulnerability | 1 | |
| Dust of Appearance | 1 | |
| Potion of Mana | 3 | |
| Staff of Teleportation | 1 | |
| Orb of Lightning | 1 | |
| Scroll of Town Portal | 1 | |
28 total
Chat log
(00:17 / All) Undead[: gl hf
(04:29 / All) Undead[: lol
(05:35 / All) Undead[: that was bad
(05:39 / All) BEAR_AND: yea hehe
(05:47 / All) Undead[: I've done it lol
(05:49 / All) Undead[: we all have
(26:13 / All) Undead[: so desperate
(26:21 / All) BEAR_AND: i just love chopping
(29:58 / All) Undead[: you lost man
(30:56 / All) Undead[: give up
(30:59 / All) BEAR_AND: ok
(31:02 / All) Undead[: ty
(31:58 / All) BEAR_AND: lol
(32:02 / All) Undead[: whoops
(32:28 / All) Undead[: so desperate
(32:29 / All) Undead[: lol
(32:36 / All) Undead[: ;..;
(34:32 / All) Undead[: give up
(34:34 / All) BEAR_AND: ok
(34:38 / All) Undead[: ?
(34:41 / All) Undead[: leave lol
(34:48 / All) BEAR_AND: sry 1 sec, pizza delivery is here
(36:39 / All) Undead[: fucking leave kid lol
(36:48 / All) BEAR_AND: ok
(52:01 / All) Undead[: lol so desperate I can't stop laughing
(52:07 / All) BEAR_AND: sorry
(53:13 / All) Undead[: so sad
(53:55 / All) Undead[: god damnit
(54:05 / All) Undead[: you're such a fucking coward lol
(55:47 / All) Undead[: fucking a man
(55:49 / All) Undead[: leave
(58:46 / All) Undead[: fucking coward man lol